 Dungeon Crawl Stone Soup version 0.23-b1-6-ga921848b48 (webtiles) character file.

Game seed: 14170068678412083369

2888 KamiKatze the Grappler (level 9, -1/79 HPs)
             Began as a Ghoul Monk on Feb 1, 2019.
             Was a Follower of Ru.
             Slain by Harold
             ... wielding a +0 broad axe
              (8 damage)
             ... on level 7 of the Dungeon.
             The game lasted 00:29:39 (6218 turns).

KamiKatze the Grappler (Ghoul Monk)                 Turns: 6218, Time: 00:29:39

Health: -1/79      AC: 11    Str: 18    XL:     9   Next: 77%
Magic:  8/8        EV: 10    Int:  5    God:    Ru [*.....]
Gold:   419        SH:  0    Dex: 11    Spells: 8/8 levels left

rFire    + . .     SeeInvis +     - Unarmed
rCold    + . .     Gourm    .   (no shield)
rNeg     + + +     Faith    .   l - +2 ring mail {rF+}
rPois    ∞         Spirit   .   m - +2 helmet {SInv}
rElec    .         Reflect  .   (no cloak)
rCorr    .         Harm     .   (no gloves)
MR       .....                  (no boots)
Stlth    +.........             (no amulet)
HPRegen  0.00/turn              (no ring)
MPRegen  0.11/turn              (no ring)

@: marked, very slightly contaminated, rotting, invisible
A: rotting body, claws 1, carnivore, cold resistance 1, negative energy
resistance 3, inhibited regeneration, torment resistance, unbreathing, inability
to train dodging
a: Renounce Religion


You were on level 7 of the Dungeon.
You worshipped Ru.
Ru was aware of your devotion.
You were not hungry.

You visited 2 branches of the dungeon, and saw 8 of its levels.

You collected 419 gold pieces.

Inventory:

Missiles
 d - 4 tomahawks
 e - 186 stones (quivered)
Armour
 i - a +0 scale mail
 k - a +0 chain mail
 l - a +2 ring mail of fire resistance (worn)
 m - a +2 helmet of see invisible (worn)
Wands
 u - a wand of random effects (23)
 w - a wand of digging (6)
Scrolls
 f - 2 scrolls of teleportation
 g - 4 scrolls of remove curse
 o - a scroll of enchant weapon
 p - 2 scrolls of enchant armour {unknown}
 q - a scroll of magic mapping {unknown}
 s - a scroll of identify
 t - a scroll of blinking {unknown}
 v - a scroll of fear
Potions
 a - 4 potions of resistance
 h - 2 potions of brilliance
 n - a potion of magic
 r - a potion of haste
Comestibles
 b - 13 rations
 c - 2 chunks of flesh


   Skills:
 + Level 7.3 Fighting
 + Level 5.2 Armour
   Level 0.0 Dodging
 - Level 2.1 Stealth
 * Level 9.8 Unarmed Combat


You had 8 spell levels left.
You didn't know any spells.
Your spell library was empty.

Dungeon Overview and Level Annotations

Branches:
Dungeon (7/15)             Temple (1/1) D:6

Altars:
Ashenzari
Cheibriados
Dithmenos
Elyvilon
Fedhas
Gozag
Hepliaklqana
Kikubaaqudgha
Makhleb
Nemelex Xobeh
Okawaru
Qazlal
Ru
Sif Muna
Trog
Uskayaw
Vehumet
Wu Jian
Xom
Yredelemnul
Zin
The Shining One

Shops:
D:6 (

Annotations:
D:4 3 runed translucent doors, Sokar's ghost, amateur GnWn
D:6 2 transporters, Cykl0x's ghost, novice DDFi
D:7 Harold


Innate Abilities, Weirdness & Mutations

Your body is rotting away.
You thrive on raw meat.
You are immune to poison.
You have sharp fingernails.
You are carnivorous and can eat meat at any time.
Your flesh is cold resistant. (rC+)
You are immune to negative energy. (rN+++)
You do not regenerate when monsters are visible.
You are immune to unholy pain and torment.
You can survive without breathing.
You cannot train Dodging skill.


Message History

Harold is heavily wounded.
You claw Harold!
Harold is severely wounded.
Harold casts a spell at you. The mark upon you grows brighter.
You barely miss Harold.
Harold is severely wounded.
Harold hits you with a +0 broad axe.
You barely miss Harold.
Harold is severely wounded.
Harold hits you with a +0 broad axe!
* * * LOW HITPOINT WARNING * * *
You barely miss Harold.
Harold is severely wounded.
Harold hits you with a +0 broad axe!
* * * LOW HITPOINT WARNING * * *
You scratch Harold but do no damage.
Harold is severely wounded.
The adder barely misses you. Harold hits you with a +0 broad axe!
You die...

#.##.#.# #
#÷##.#.###### #.####
#.##........### ...#
#.####.####.... #
##.###......# #####
.##.####......######
..........###.#
#####...#S##.###
#.##@@.....# #.
##.##.#.# #.
#.##.#.### ..
#.##.....# ..
#.####.#.# ...
#......#)# .@.
########.## #.#.#
#..##


You could see Harold and an adder.

Vanquished Creatures
  A hippogriff (D:5)
  Sigmund (D:5)
  Duvessa (D:5)
  An ice beast (D:4)
  2 phantoms (D:5)
  A sky beast (D:5)
  4 ogres
  A centaur (D:7)
  3 bullfrogs
  2 scorpions
  Dowan (D:5)
  5 killer bees (D:7)
  2 crimson imps
  2 jellies
  5 hounds
  8 orc priests
  5 orc wizards
  2 iguanas
  A bullfrog skeleton (D:6)
  Ijyb (D:5)
  2 worker ants (D:4)
  Robin (D:4)
  A worker ant zombie (D:4)
  9 adders
  7 gnolls
  A shadow imp (D:6)
  An ooze (D:2)
  An adder zombie (D:5)
  3 worms (D:3)
  5 dart slugs
  5 leopard geckos
  26 orcs
  6 giant cockroaches
  12 goblins
  6 hobgoblins
  16 jackals
  8 kobolds
  2 quokkas
  2 ball pythons
  A ball python skeleton (D:5)
  6 bats
  3 frilled lizards
  A jackal skeleton (D:4)
  A leopard gecko zombie (D:6)
  A quokka skeleton (D:5)
  10 rats
186 creatures vanquished.

Notes
Turn   | Place    | Note
-------+----------+-------------------------------------------
     0 | D:1      | KamiKatze the Ghoul Monk began the quest for the Orb.
     0 | D:1      | Reached XP level 1. HP: 19/19 MP: 0/0
   136 | D:1      | Reached XP level 2. HP: 26/26 MP: 1/1
   347 | D:1      | Reached XP level 3. HP: 21/31 MP: 2/2
   698 | D:1      | Reached skill level 4 in Unarmed Combat
   703 | D:1      | Reached skill level 1 in Armour
  1390 | D:2      | Reached XP level 4. HP: 37/39 MP: 3/3
  2178 | D:3      | Reached XP level 5. HP: 43/46 MP: 4/4
  2465 | D:2      | Reached skill level 5 in Unarmed Combat
  2678 | D:3      | Reached XP level 6. HP: 53/53 MP: 5/5
  2982 | D:4      | Noticed Robin
  3138 | D:4      | Noticed Sokar's ghost (amateur GnWn)
  3138 | D:4      | Identified the +1 short sword "Jellybane" {chaos, Str+3
                  | Dex+4}
  3169 | D:4      | Found a runed translucent gate.
  3169 | D:4      | Found a runed translucent gate.
  3169 | D:4      | Found a runed translucent gate.
  3283 | D:4      | Killed Robin
  3283 | D:4      | Reached XP level 7. HP: 36/60 MP: 6/6
  3605 | D:4      | Reached skill level 6 in Unarmed Combat
  3865 | D:4      | Reached skill level 5 in Fighting
  4126 | D:5      | Entered Level 5 of the Dungeon
  4142 | D:5      | Noticed Duvessa
  4153 | D:5      | Noticed Dowan
  4280 | D:5      | Noticed Sigmund
  4283 | D:5      | Noticed a hippogriff
  4309 | D:5      | Killed a hippogriff
  4309 | D:5      | Reached skill level 7 in Unarmed Combat
  4309 | D:5      | Reached XP level 8. HP: 5/69 MP: 7/7
  4313 | D:5      | Killed Sigmund
  4325 | D:5      | Noticed Ijyb
  4648 | D:5      | Reached skill level 5 in Dodging
  4741 | D:5      | Reached skill level 8 in Unarmed Combat
  4804 | D:5      | Killed Dowan
  4862 | D:5      | Killed Ijyb
  4880 | D:5      | Killed Duvessa
  4880 | D:5      | Reached XP level 9. HP: 45/77 MP: 8/8
  5122 | D:6      | Found Nyucash's Weapon Boutique.
  5176 | D:6      | Reached skill level 9 in Unarmed Combat
  5382 | D:6      | Noticed a queen bee
  5389 | D:6      | Found a transporter.
  5393 | D:6      | Found a transporter.
  5397 | D:6      | Noticed a hornet
  5421 | D:6      | Noticed Cykl0x's ghost (novice DDFi)
  5532 | D:6      | Found a staircase to the Ecumenical Temple.
  5597 | Temple   | Entered the Ecumenical Temple
  5729 | Temple   | Became a worshipper of Ru the Awakened
  5737 | Temple   | Gained mutation: You cannot train Dodging skill. [Ru
                  | sacrifice]
  5737 | Temple   | Reached * piety under Ru
  5951 | D:7      | Reached skill level 5 in Armour
  6005 | D:7      | Found a glowing golden altar of the Shining One.
  6183 | D:7      | Noticed Harold
  6203 | D:7      | Paralysed by Harold for 6 turns
  6218 | D:7      | Slain by Harold

Skill      XL: |  1  2  3  4  5  6  7  8  9 |
---------------+----------------------------+-----
Dodging        | 3 4 5 0 |  0.0
Unarmed Combat | 4 5 7 8 9 |  9.8
Armour         | 1 2 3 4 5 |  5.2
Fighting       | 4 5 6 7 |  7.3
Stealth        | |  2.1

Action                   |  1- 3 |  4- 6 |  7- 9 || total
-------------------------+-------+-------+-------++-------
Melee: Unarmed           |   143 |   234 |   402 ||   779
       Punch             |     1 |     4 |     9 ||    14
Throw: Stone             |       |    10 |     3 ||    13
Invok: Sacrifice Nimblen |       |       |     1 ||     1
  Use: Scroll            |       |    10 |     5 ||    15
       Potion            |       |       |     4 ||     4
 Stab: Sleeping          |     3 |     1 |     1 ||     5
       Distracted        |     1 |       |     1 ||     2
       Invisible         |       |       |     1 ||     1
  Eat: Chunk             |    22 |    42 |    62 ||   126
Armor: Robe              |    18 |       |       ||    18
       Ring mail         |     8 |    71 |   158 ||   237
Dodge: Dodged            |    89 |   145 |   246 ||   480
